 Dungeon Crawl Stone Soup version 0.29.0-15-g675c0067aa (webtiles) character file.

Game seed: 13410696168078909965

9 EvilAshe the Firebug (level 2, 0/15 HPs)
             Began as a Tengu Fire Elementalist on Sept 11, 2022.
             Slain by a quokka (3 damage)
             ... on level 1 of the Dungeon.
             The game lasted 00:01:48 (337 turns).

EvilAshe the Firebug (Tengu Fire Elementalist)       Turns: 337, Time: 00:01:48

Health: 0/15       AC:  3    Str:  8    XL:     2   Next: 12%
Magic:  4/6        EV: 12    Int: 15    God:
Gold:   16         SH:  0    Dex: 14    Spells: 4/5 levels left

rFire   . . .      SeeInvis .   e - +0 club
rCold   . . .      Faith    .   (no shield)
rNeg    . . .      Spirit   .   a - +0 robe
rPois   .          Reflect  .   (helmet restricted)
rElec   .          Harm     .   (no cloak)
rCorr   .          Rampage  .   d - +0 pair of gloves
Will    .....                   (boots unavailable)
Stlth   ++........              (no amulet)
HPRegen 0.05/turn               (no ring)
MPRegen 0.10/turn               (no ring)

@: no status effects
A: beak, talons 3
a: no special abilities


You were on level 1 of the Dungeon.
You visited 1 branch of the dungeon, and saw 1 of its levels.

You collected 16 gold pieces.

Inventory:

Hand Weapons
 e - a +0 club (weapon)
Missiles
 j - 7 stones
Armour
 a - a +0 robe (worn)
 d - a +0 pair of gloves (worn)
Scrolls
 c - a scroll of vulnerability {unknown}
 g - a scroll of noise {unknown}
Potions
 b - a potion of magic
 f - 2 potions of flight {unknown}
 h - a potion of heal wounds {unknown}
 i - a potion of curing {unknown}
 k - a potion of brilliance {unknown}


   Skills:
 + Level 2.3 Dodging
 + Level 2.2 Stealth
 + Level 2.1 Spellcasting
 + Level 1.7 Conjurations
 + Level 3.4 Fire Magic


You had 4 spell levels left.
You knew the following spells:

 Your Spells              Type           Power      Damage    Failure   Level
a - Foxfire               Conj/Fire      36%        2x1d5     8%          1

Your spell library contained the following spells:

 Spells                   Type           Power      Damage    Failure   Level
 Scorch                   Fire           22%        2d6       9%          2
 Conjure Flame            Conj/Fire      9%         6-21      22%         3
 Inner Flame              Hex/Fire       6%         N/A       32%         3
 Flame Wave               Conj/Fire      9%         2d6       58%         4


Dungeon Overview and Level Annotations

Branches:
Dungeon (1/15)

Altars:


Innate Abilities, Weirdness & Mutations

You have a beak for a mouth.
You have claws for feet.


Message History

You see here 7 stones.
j - 7 stones
Found a stone staircase leading down.
k - a fizzy pink potion A quokka comes into view.
You hit the quokka but do no damage. Your kick misses the quokka.
The quokka closely misses you.
You hit the quokka but do no damage. Your kick misses the quokka.
You peck the quokka, but do no damage. The quokka misses you.
The quokka closely misses you.
You barely miss the quokka. Your kick misses the quokka.
Your peck misses the quokka. The quokka closely misses you.
You hit the quokka. Your kick misses the quokka.
The quokka is lightly wounded.
The quokka bites you.
The quokka bites you but does no damage.
A dart slug comes into view.
You are too injured to fight recklessly!
You are too injured to fight recklessly!
The quokka attacks as you move away! The quokka bites you.
The quokka barely misses you. The quokka attacks as you move away!
The quokka bites you. The quokka attacks as you move away!
The quokka bites you.
Casting: Foxfire (safe; 8% risk of failure)
Press: ? - help, Q - select action, (/) - cycle Dir - look around, f - activate You conjure some foxfire!
The quokka bites you.
The foxfire hits the quokka.
The quokka is moderately wounded.
The foxfire hits the quokka but does no damage.
The quokka is moderately wounded.
Casting: Foxfire (safe; 8% risk of failure)
Press: ? - help, Q - select action, (/) - cycle Dir - look around, f - activate You conjure some foxfire!
The quokka bites you.
* * * LOW HITPOINT WARNING * * *
The quokka bites you.
* * * LOW HITPOINT WARNING * * *
The quokka attacks as you move away! The quokka bites you.
You die...

....#.#########..####.#.##
.......# #..####.#..#
.....#.# #.....#.##'#
.....#.# ##.##.#.##.#
.....#.# #.#.....#'#
.......#########.......#.#
..รท>.....#............##'##
.........#......r.#####...###
#####...........@v'.'.'.<.'.+
#...##.......v#####...###
#...##............##'##
######.............#.#
#########.....#+# ######


You could see a quokka (ally target).

Vanquished Creatures
  A goblin (D:1)
  A hobgoblin (D:1)
  A kobold (D:1)
  A quokka (D:1)
  A bat (D:1)
  4 rats (D:1)
9 creatures vanquished.

Vanquished Creatures (others)
  19 foxfires (D:1)
19 creatures vanquished.

Grand Total: 28 creatures vanquished

Notes
Turn   | Place    | Note
-------+----------+-------------------------------------------
     0 | D:1      | EvilAshe the Tengu Fire Elementalist began the quest for
                  | the Orb.
     0 | D:1      | Reached XP level 1. HP: 10/10 MP: 4/4
   149 | D:1      | Reached XP level 2. HP: 12/15 MP: 0/6
   337 | D:1      | Slain by a quokka

Illustrated notes

Levels and vault maps discovered:
D:1:      minmay_arrival_doors, layout_rooms, ebering_ecumenical_altar_petrified

Action                   || total
-------------------------++-------
Melee: Peck              ||     2
       Unarmed           ||     1
       Club              ||     4
 Cast: Foxfire           ||    14
Armor: Robe              ||     1
Dodge: Dodged            ||    10
